[Event "CCC-GM 2022"]
[Site "Ballerup"]
[Date "2022.05.29"]
[Round "8.3"]
[White "Olsen, Filip Boe"]
[Black "Hacker, Jonas"]
[Result "1/2-1/2"]
[ECO "E04"]
[WhiteElo "2407"]
[BlackElo "2396"]
[Annotator "TA"]
[PlyCount "80"]
[EventDate "2022.05.25"]
[EventType "tourn"]
[EventCountry "DEN"]
[SourceTitle "playchess.com"]
[Source "ChessBase"]
[SourceQuality "1"]
[TimeControl "5400+30"]

1. d4 Nf6 2. c4 e6 3. Nf3 d5 4. g3 dxc4 5. Bg2 a6 6. O-O Nc6 7. Nbd2 {[%emt 0:00:06] E04: Open Catalan: 5 Nf3.} (7. e3 {feels hotter.} Bd7 8. Qe2 Bd6 9. Qxc4 O-O 10. Nc3) 7... Nxd4 (7... b5 {seems wilder.} 8. Ne5 Nxe5 9. Bxa8 Qxd4 10. Ne4 Qa7) 8. Nxc4 Nxf3+ 9. Bxf3 {[%emt 0:00:03] White has an edge.} Qxd1 10. Rxd1 Be7 11. Na5 Bb4 {[%emt 0:05:10] [#]} 12. Nxb7 $146 {[%emt 0:04:53] [#] Hoping for Rd8+.} ({Predecessor:} 12. Bd2 Bxd2 13. Rxd2 Nd5 14. Rad1 O-O 15. a3 b6 16. Nc6 Re8 17. e4 Nf6 18. e5 {½-½ (53) Babychuk,V (2147)-Heide,E (2228) ICCF email 2018}) 12... Nd5 $1 13. a3 Bxb7 14. axb4 O-O-O 15. Bxd5 Rxd5 16. Rxd5 exd5 $11 {[%emt 0:04:29][%mdl 4096] Endgame KRB-KRB} 17. Bf4 Kd7 18. Rc1 Bc6 19. Rc5 Re8 20. Kf1 Re4 21. Bd2 Bb5 22. Rxd5+ Ke6 23. Rc5 Rxe2 24. Bc3 {[%emt 0:08:45][%cal Oc5b5] [#] aiming for Rxb5!} Re5+ 25. Kg2 Rxc5 26. bxc5 {[%emt 0:00:05] KB-KB} f6 27. Kf3 Kd5 28. b4 Kc4 29. Bd2 Kd3 30. Bf4 Bc6+ 31. Kg4 Bd7+ 32. Kf3 c6 33. Bc7 $1 h5 34. Kg2 Be6 35. f4 Ke2 36. h4 Bd5+ 37. Kh2 Kf3 38. Bd8 Kg4 39. Bc7 Kf3 40. Bd8 Kg4 {[%emt 0:00:42] An interesting draw.  Weighted Error Value: White=0.03 (flawless) /Black=0.02 (flawless)} 1/2-1/2

[Event "CCC-GM 2022"]
[Site "Ballerup"]
[Date "2022.05.29"]
[Round "8.4"]
[White "Stefansson, Vignir Vatnar"]
[Black "Blomqvist, Erik"]
[Result "0-1"]
[ECO "A28"]
[WhiteElo "2496"]
[BlackElo "2523"]
[Annotator "TA"]
[PlyCount "54"]
[EventDate "2022.05.25"]
[EventType "tourn"]
[EventCountry "DEN"]
[SourceTitle "playchess.com"]
[Source "ChessBase"]
[SourceQuality "1"]
[TimeControl "5400+30"]

1. c4 e5 2. Nc3 Nf6 3. Nf3 Nc6 4. e3 Bb4 5. Qc2 Bxc3 6. Qxc3 Qe7 7. d4 {[%emt 0:03:30] now scores much better than the old 7.a3. A28: English Opening: Four Knights Variation.} Ne4 8. Qd3 exd4 9. Nxd4 {[%emt 0:00:08] The position is equal.} Nc5 {[%emt 0:00:37] Pair of Knights!} 10. Qc3 Nxd4 11. Qxd4 O-O 12. Be2 a5 13. O-O b6 14. Bf3 Bb7 15. Bxb7 Nxb7 16. b3 Nc5 17. Bb2 {[%emt 0:00:40][%csl Gb2][%cal Rd4g7] [#]} f5 18. Rad1 {[%emt 0:01:10] [#]} Rae8 $146 ({Predecessor:} 18... d6 19. Rfe1 Rae8 20. f3 Rf6 21. Qd2 Re6 22. Bc1 Qf7 23. Qc2 Re5 24. Rd4 Na6 {½-½ (51) Thurlow,K (2283)-Reichelt,H (2305) ICCF email 2021}) 19. Ba3 {[%emt 0:06:28] Threatens to win with Bxc5.} d6 20. g3 h5 21. Qd5+ Kh7 22. Bxc5 bxc5 23. h4 Qe4 24. Rfe1 Re5 25. Qd2 a4 26. Qe2 $2 {[%emt 0:03:23] [#]} (26. Rc1 $11) 26... f4 $1 $19 {[%emt 0:08:07][%cal Bf5f4,Bf4g3][%mdl 32] aiming for ...fxg3.} 27. Qd3 (27. bxa4 {is a better defense.} fxg3 28. fxg3) 27... fxg3 {[%emt 0:03:14] Weighted Error Value: White=0.22 (precise) /Black=0.03 (flawless)} 0-1

[Event "CCC-GM 2022"]
[Site "Ballerup"]
[Date "2022.05.29"]
[Round "8.5"]
[White "Nielsen, Viktor Haarmark"]
[Black "Haubro, Martin"]
[Result "1/2-1/2"]
[ECO "C84"]
[WhiteElo "2323"]
[BlackElo "2428"]
[Annotator "TA"]
[PlyCount "145"]
[EventDate "2022.05.25"]
[EventType "tourn"]
[EventCountry "DEN"]
[SourceTitle "playchess.com"]
[Source "ChessBase"]
[SourceQuality "1"]
[TimeControl "5400+30"]

1. e4 e5 2. Nf3 Nc6 3. Bb5 a6 4. Ba4 Nf6 5. O-O Be7 6. d3 b5 7. Bb3 d6 8. c3 O-O 9. a4 {[%emt 0:00:03] 9.h3 is the modern continuation. C84: Closed Ruy Lopez: Unusual White 6th moves.} Bd7 10. Bc2 Re8 11. Re1 {[%emt 0:00:43] White has an edge.} Bf8 12. Bg5 h6 (12... b4 {keeps more tension.} 13. Nbd2 h6 14. Bxf6 Qxf6 15. a5 Qd8) 13. axb5 axb5 14. Rxa8 Qxa8 15. Bxf6 gxf6 {[%emt 0:00:03] [#]} 16. d4 $146 ({Predecessor:} 16. Nh4 Qa1 17. b4 Ne7 18. Bb3 Bg7 19. h3 c5 20. bxc5 dxc5 21. Kh2 Ra8 22. Re3 {1-0 (83) Grischuk,A (2764)-Kamsky,G (2762) Beijing 2012}) 16... Bg7 17. dxe5 fxe5 18. Na3 b4 19. Nc4 bxc3 20. bxc3 Be6 21. Ne3 Qa5 (21... Rb8 $11 {keeps the balance.}) 22. Ba4 $1 $16 Bd7 (22... Qxc3 $2 23. Re2 $18) 23. Nd5 Kh8 24. Nb4 Qc5 25. Qd5 Qxd5 26. Nxd5 Ra8 27. Bb5 Ra7 28. Nd2 Rb7 29. Ba4 Ra7 30. Bb5 Rb7 31. Rb1 h5 (31... Ra7 $14) 32. g3 {[%emt 0:08:15] White is more active.} (32. Be2 $16 Ra7 33. Bxh5) 32... Bh6 {[%emt 0:03:47] [#]} (32... Ra7 $11 {is superior.}) 33. f4 (33. Be2 $1 $16 Nd8 (33... Na5 34. Rxb7) 34. Rxb7 Nxb7 35. Nc4) 33... exf4 $11 {[%emt 0:00:24] The position is equal.} 34. gxf4 Nb8 35. Bxd7 Rxb1+ 36. Nxb1 {[%emt 0:00:07] aiming for Be8.} Nxd7 37. Nxc7 Bxf4 {[%emt 0:05:53][%mdl 4096] Endgame KBN-KNN} 38. Nd5 {[%emt 0:00:23] Inhibits Nf6.} Be5 39. Nd2 Kg7 40. Kg2 Nf6 41. c4 Nd7 42. Nf3 Bf6 43. Ne3 Be7 44. Nd4 Bf8 45. Kf3 Kf6 46. Nd5+ Kg5 47. Kg3 h4+ 48. Kg2 Ne5 49. Nf3+ Nxf3 50. Kxf3 {[%emt 0:00:02] KB-KN} Bg7 51. h3 Be5 52. Ne3 f6 53. Nf5 Kh5 54. Ng7+ Kg5 55. Ne6+ Kh5 $1 56. Nd8 Kg5 57. Nc6 Kh5 58. Nb4 Kg5 59. Nd3 Kh5 60. Kf2 $1 Kg5 61. Ke3 Kh5 62. Ne1 Kg5 63. Nf3+ Kh5 64. Kd3 Ba1 65. Kd2 Bb2 66. Kc2 Be5 67. Kb3 Bg3 68. Kc3 Bf2 69. Kd3 Bc5 70. Ke2 Bb6 71. Kd3 Bf2 72. Kc3 Kg6 73. Kd3 {[%emt 0:00:12] Weighted Error Value: White=0.09 (flawless) /Black=0.09 (flawless)} 1/2-1/2

[Event "CCC-GM 2022"]
[Site "Ballerup"]
[Date "2022.05.29"]
[Round "9.1"]
[White "Heimisson, Hilmir Freyr"]
[Black "Nielsen, Viktor Haarmark"]
[Result "1-0"]
[ECO "A34"]
[WhiteElo "2323"]
[BlackElo "2323"]
[Annotator "TA"]
[PlyCount "71"]
[EventDate "2022.05.25"]
[EventType "tourn"]
[EventCountry "DEN"]
[SourceTitle "playchess.com"]
[Source "ChessBase"]
[SourceQuality "1"]
[TimeControl "5400+30"]

1. c4 {[%emt 0:01:17] ChessBase II} Nf6 2. Nc3 d5 3. cxd5 Nxd5 4. g3 c5 5. Bg2 Nc7 6. Nf3 Nc6 7. O-O e5 8. a3 Be7 9. b4 $1 cxb4 {[%emt 0:02:43] A34: Symmetrical English: 2 Nc3, lines with ...d5.} 10. axb4 b5 {[%emt 0:01:56] [#]} (10... a6 $14) 11. Bb2 $146 ({Predecessor:} 11. Ne1 Bd7 12. Nd3 O-O 13. Bb2 f6 14. Nd5 Nxd5 15. Bxd5+ Kh8 16. Qb3 a5 17. bxa5 Rxa5 18. Rxa5 Nxa5 {½-½ (29) Heinz,T (2350)-Heinzel,O (2353) Luxembourg 2014 EXT 2017 [ChessBase II]}) 11... Rb8 {[%emt 0:06:36] White is slightly better.} 12. Ne4 f6 13. Qc1 Bb7 14. d4 $36 {[%emt 0:00:30][%mdl 2048] White has strong initiative.} Nxb4 {[%emt 0:07:47] [#]} (14... exd4 $16 {might work better.} 15. Nxd4 Nxd4 16. Bxd4 Qxd4) 15. Nc5 (15. Rxa7 $6 O-O $16) (15. Nh4 $1 $18 exd4 16. Nf5 (16. Rxa7 d3 $14)) 15... Bxc5 $16 16. Qxc5 Nba6 17. Qxa7 (17. Qa3 $16) 17... e4 $14 18. Nd2 Bd5 ({Black should play} 18... f5 $14) 19. Bxe4 $16 (19. Rxa6 $6 Ra8 $14) 19... Rb7 (19... Bxe4 $16 20. Nxe4 O-O) 20. Qxb7 $18 (20. Rxa6 Rxa7 21. Rxa7 Bxe4 22. Nxe4 O-O $11) 20... Bxb7 21. Bxb7 {[%emt 0:00:06] This bishop pair is nice.} Qd6 22. Rfc1 Nb8 (22... O-O 23. Bg2 Rd8) 23. Ne4 Qe7 (23... Qb6 24. Rxc7 Qxc7) 24. Ra7 b4 {[%emt 0:05:36] [#]} 25. d5 $1 Nb5 (25... Qd8 26. Bc6+) 26. d6 $2 (26. Rc8+ $18 {and the rest is easy.} Kf7 27. d6 (27. Rxh8 Nxa7 28. f3 Qc7 $11) 27... Nxa7 28. Bd5+ (28. dxe7 Nxc8 29. Bxc8 Kxe7 $16) 28... Kg6 29. Rxh8 (29. dxe7 Nxc8 30. Bc4 Nc6 $17)) 26... Qd7 $16 {[%emt 0:01:51] [#]} 27. Bc6 $1 {[%emt 0:04:00][%mdl 512] White is much more active. The black rooks are badly placed.} Nxc6 28. Rxd7 {[%emt 0:00:11] Really sharp!} Kxd7 29. Rd1 Nd8 30. Rd5 Kc6 31. Rc5+ Kb6 {[%emt 0:00:11][%cal Ob5d6] Threatens to win with ...Nxd6!} 32. Rc4 Nc6 {[%emt 0:01:06] [#]} 33. Bc1 $1 b3 (33... Ra8 $16 {keeps fighting.} 34. Be3+ Kb7) 34. Be3+ $18 Ka5 $2 (34... Kb7 35. Nc5+ Kc8) 35. Rxc6 b2 36. Nd2 {[%emt 0:00:31] Weighted Error Value: White=0.42/Black=0.43} 1-0

[Event "CCC-GM 2022"]
[Site "Ballerup"]
[Date "2022.05.29"]
[Round "9.2"]
[White "Blomqvist, Erik"]
[Black "Olsen, Filip Boe"]
[Result "0-1"]
[ECO "A05"]
[WhiteElo "2523"]
[BlackElo "2407"]
[Annotator "TA"]
[PlyCount "108"]
[EventDate "2022.05.25"]
[EventType "tourn"]
[EventCountry "DEN"]
[SourceTitle "playchess.com"]
[Source "ChessBase"]
[SourceQuality "1"]
[TimeControl "5400+30"]

1. Nf3 Nf6 2. g3 b5 3. Bg2 Bb7 4. O-O e6 5. d3 c5 6. e4 d6 7. d4 {[%emt 0:01:38] [#] A05: Réti Opening: 1 Nf3 Nf6.} cxd4 $146 ({Predecessor:} 7... Nbd7 8. e5 Nd5 9. Qe2 b4 10. c4 bxc3 11. Nxc3 Nxc3 12. bxc3 Qc8 13. d5 Bxd5 14. Rd1 Nb6 15. exd6 Bxd6 {1-0 (51) Yilmazyerli,M (2493)-Yurtseven,M (2388) Ayvalik 2022}) 8. Nxd4 a6 (8... Bxe4 $11 9. Bxe4 (9. Nxb5 Bxg2 10. Kxg2 a6 $11) 9... Nxe4) 9. Re1 $14 {[%emt 0:01:01] White is slightly better.} Qc7 10. Nc3 Be7 11. a4 bxa4 12. Nd5 $2 exd5 $17 13. exd5 Bc8 {[%emt 0:03:19][%cal Bb7c8,Bc8g4,Bg4h5][%mdl 32] Against Nf5} (13... Bxd5 $2 14. Nf5 Bxg2 15. Rxe7+ Qxe7 16. Nxe7 Kxe7 17. Qe1+ Kd8 18. Qa5+ Ke7 19. Qe1+ Be4 20. Bg5 $18) 14. Qe2 Ra7 15. Rxa4 O-O 16. Rc4 Qd8 17. Rb4 Bg4 18. Qe3 Rc7 $1 19. Bd2 Re8 20. Qa3 (20. h3 $17 a5 21. Rb6) 20... Bf8 $19 21. Rxe8 Qxe8 22. h3 Bh5 23. c4 (23. f4 $142) 23... Nbd7 24. Qxa6 $2 (24. Bf1) 24... Ne4 25. Be3 {[%emt 0:05:07] [#]} Ndc5 $2 (25... Nxg3 $1 $19 {[%mdl 512] has better winning chances. Threatens to win with ...Ne2+.} 26. b3 (26. Qa2 Ne2+) 26... Rc8 $1) 26. Qb5 $17 Qa8 {[%emt 0:05:08] Hoping for ...Qa1+.} 27. Qb8 {[%emt 0:01:06] [#]} Rc8 $1 28. Qxa8 Rxa8 29. Rb5 Bg6 30. Nc6 Nd3 31. Bf1 Ra1 ({Black should try} 31... Ne1 $17 {[%cal Oe4d2] aiming for ...Nd2!} 32. Be2 Nc2) 32. Rb8 $11 {[%emt 0:00:07] Ne7+ would kill now.} f5 33. Nd8 {[%emt 0:01:07] Strongly threatening Ne6.} Be7 34. Nc6+ Bf8 35. Nd8 {[%emt 0:00:33] Black must now prevent Ne6.} Be7 36. Nc6+ Bf8 37. Ne7+ $2 (37. Nd8 $11 Nf6 38. Ne6) 37... Kf7 $19 38. Nxg6 hxg6 39. b4 Rb1 {[%emt 0:00:39] And now ...g5 would win.} 40. b5 (40. Rb7+ $142 Kg8 41. b5) 40... g5 {[%emt 0:00:57] ...f4 is the strong threat.} 41. Kg2 (41. Ra8 {was called for.}) 41... Ne1+ 42. Kh2 (42. Kg1 $142 Nc2 43. Kg2) 42... Nf3+ $2 (42... f4 43. gxf4 Nf3+ 44. Kg2 Nh4+ 45. Kg1 Nf3+ 46. Kg2 Nh4+ 47. Kh2 gxf4 48. Bxf4 Rxf1) 43. Kg2 Ne1+ $2 (43... g4 44. hxg4 fxg4 45. Rb7+ Be7) 44. Kh2 Rb2 45. Kg1 (45. Bg2 $142 Nxf2 46. Bd4) 45... f4 46. gxf4 gxf4 47. Rb7+ Be7 48. Bb6 Nf3+ 49. Kg2 Nh4+ 50. Kg1 Rb1 {[%emt 0:00:32] ( -> ...Nd2)} 51. Bd8 {[%emt 0:00:40] [#]} Nd2 $1 52. Rxe7+ Kf8 53. f3 Rxf1+ 54. Kh2 Ndxf3# {[%emt 0:00:08] Weighted Error Value: White=0.54/Black=0.34} 0-1

[Event "CCC-GM 2022"]
[Site "Ballerup"]
[Date "2022.05.29"]
[Round "9.3"]
[White "Hacker, Jonas"]
[Black "Brunello, Sabino"]
[Result "1-0"]
[ECO "C54"]
[WhiteElo "2396"]
[BlackElo "2521"]
[Annotator "TA"]
[PlyCount "79"]
[EventDate "2022.05.25"]
[EventType "tourn"]
[EventCountry "DEN"]
[SourceTitle "playchess.com"]
[Source "ChessBase"]
[SourceQuality "1"]
[TimeControl "5400+30"]

1. e4 e5 2. Nf3 Nc6 3. Bc4 Bc5 4. c3 Nf6 5. d4 exd4 6. e5 d5 7. Bb5 Ne4 8. cxd4 Bb6 9. Nc3 O-O 10. Be3 {[%emt 0:00:25] C54: Giuoco Piano: 4 c3 Nf6, main lines with 5 d4 and 5 d3.} Nxc3 11. bxc3 f6 12. Bxc6 {[%emt 0:03:24] The position is equal.} bxc6 13. Qa4 Qe8 {[%emt 0:24:02][%cal Oc6c5] [#]} 14. exf6 $146 ({Predecessor:} 14. O-O Bg4 15. exf6 Bxf3 16. gxf3 Rxf6 17. Qd1 Qf8 18. f4 Rg6+ 19. Kh1 Qf5 20. Qf3 {½-½ (31) Wohlfart,P-Zunke,J GER corr 1996}) 14... Rxf6 15. Ne5 Qh5 16. O-O c5 17. dxc5 {[%emt 0:03:58] White is more active.} Qxe5 18. cxb6 cxb6 19. Bd4 Qf4 20. Rae1 $36 {[%emt 0:14:31][%mdl 2048] White has good play.} Rg6 $2 {[%emt 0:20:02][%mdl 8192] Black is on the road to losing.} (20... Be6 $1 $14) 21. Re8+ $18 Kf7 {[%emt 0:00:00] [#] And now ...Qf3 would win.} 22. Rf8+ $3 Kxf8 {[%emt 0:00:06] [#]} 23. Bxg7+ $1 {[%emt 0:00:27][%mdl 576] Discovered Attack} Kg8 (23... Kxg7 24. Qxf4) 24. Qxf4 Bh3 {[%emt 0:00:06] [#]} 25. g3 Bxf1 (25... Rxg7 26. Qe5) 26. Bd4 ({Not} 26. Kxf1 Rxg7 27. Qd6 Rf7 $18) 26... Bc4 27. h4 Rf8 28. Qe5 {[%emt 0:01:04] Hoping for Qh8+.} Kf7 29. Qc7+ Ke6 30. Qxh7 Bd3 31. Qc7 Be4 32. Qc6+ Ke7 33. Qc7+ Ke6 34. a4 {[%emt 0:02:18] White is clearly winning.} Rf7 35. Qc8+ Ke7 36. Be3 Bf5 37. Qb8 Rd6 38. Qxa7+ Ke6 39. Qb8 {[%emt 0:00:28] Strongly threatening Bf4.} Be4 40. Bf4 {[%emt 0:01:04] Weighted Error Value: White=0.34/Black=0.66} 1-0

[Event "CCC-GM 2022"]
[Site "Ballerup"]
[Date "2022.05.29"]
[Round "9.4"]
[White "Haubro, Martin"]
[Black "Stefansson, Vignir Vatnar"]
[Result "0-1"]
[ECO "C42"]
[WhiteElo "2428"]
[BlackElo "2496"]
[Annotator "TA"]
[PlyCount "38"]
[EventDate "2022.05.25"]
[EventType "tourn"]
[EventCountry "DEN"]
[SourceTitle "playchess.com"]
[Source "ChessBase"]
[SourceQuality "1"]
[TimeControl "5400+30"]

1. e4 e5 2. Nf3 Nf6 3. Nxe5 Nxe4 4. Qe2 Qe7 5. Qxe4 d6 6. d4 dxe5 7. dxe5 Nc6 {[%emt 0:00:09] C42: Petroff Defence: 3 Nxe5 and unusual White 3rd moves.} 8. Bf4 {[%emt 0:02:31] 8.Nc3 is the modern continuation.} g5 9. Bg3 {[%emt 0:01:15] [#]} (9. Bb5 $11 Bd7 10. e6 fxe6 11. Be3 (11. Bxc7 Rc8 $11)) 9... f5 $1 $19 {[%emt 0:00:07] Black is clearly better.} 10. Qe2 f4 {[%emt 0:00:36] White must now prevent ...Bf5.} 11. Qh5+ {[%emt 0:00:04] [#]} Qf7 $1 12. Qxg5 fxg3 {[%emt 0:00:13] [#]} 13. Qxg3 $146 (13. hxg3 Bc5 14. f3) ({Predecessor:} 13. hxg3 Bg7 14. f4 Bf5 15. Nc3 Bxc2 16. Be2 Nd4 17. Bh5 Bg6 18. O-O-O Ne6 19. Qg4 Bxh5 20. Rxh5 {1-0 (48) Ljukin,S (2368)-Berdychevskaya,N (2208) Chess.com INT 2020}) 13... Bc5 ({Worse is} 13... Qd5 14. Nc3 Qxe5+ 15. Qxe5+ Nxe5 16. f4 $17) 14. Nd2 Rg8 15. Qf3 Qxf3 16. Nxf3 Bf5 17. c3 O-O-O 18. g3 $2 (18. Rd1) 18... Be4 19. Bg2 Rgf8 {[%emt 0:00:42] Black took control after the opening.  Weighted Error Value: White=0.71/Black=0.07 (flawless)} 0-1

[Event "CCC-GM 2022"]
[Site "Ballerup"]
[Date "2022.05.29"]
[Round "9.5"]
[White "Brondt, Nicolai Kvist"]
[Black "Komarov, Dimitri"]
[Result "1/2-1/2"]
[ECO "E15"]
[WhiteElo "2241"]
[BlackElo "2493"]
[Annotator "TA"]
[PlyCount "61"]
[EventDate "2022.05.25"]
[EventType "tourn"]
[EventCountry "DEN"]
[SourceTitle "playchess.com"]
[Source "ChessBase"]
[SourceQuality "1"]
[TimeControl "5400+30"]

1. d4 Nf6 2. c4 e6 3. Nf3 b6 4. g3 Ba6 5. b3 Bb4+ 6. Bd2 Be7 7. Nc3 Bb7 8. Bg2 O-O 9. O-O Na6 {[%emt 0:02:51] was the old line (9...d5).} 10. Qc2 d5 {[%emt 0:01:23] E15: Queen's Indian: 4 g3 sidelines, 4 g3 Ba6 and 4 g3 Bb7 early deviations.} 11. cxd5 Nb4 12. Qb2 {[%emt 0:01:27] Black should prevent dxe6.} Nbxd5 13. Rfd1 {[%emt 0:03:50] [#]} Nxc3 $146 ({Predecessor:} 13... Rc8 14. Rac1 c5 15. Nxd5 Bxd5 16. dxc5 Bxc5 17. b4 Be7 18. Bc3 Qe8 19. a3 Qa4 {0-1 (52) Polgar,Z (2560)-Karpov,A (2725) Monte Carlo 1993}) 14. Bxc3 a5 15. Ne5 Bxg2 16. Kxg2 Qd5+ 17. f3 a4 18. Qc2 axb3 19. axb3 Qb7 20. e4 Rxa1 21. Bxa1 c5 22. dxc5 bxc5 {[%emt 0:05:26] The position is equal.} 23. Nc4 h6 24. Bxf6 Bxf6 25. e5 Be7 26. Rd3 Rd8 27. Rxd8+ Bxd8 28. Qd3 Bc7 29. Kf2 Qa6 30. Qb1 {[%emt 0:01:37] Against Qa2+} Kf8 31. Ke3 {[%emt 0:03:43] Weighted Error Value: White=0.04 (flawless) /Black=0.03 (flawless)} 1/2-1/2